 Dungeon Crawl Stone Soup version 0.31.0-11-ge490571c62 (webtiles) character file.

Game seed: 16362540753552722381

31 qw the Shooter (level 3, -3/20 HPs)
             Began as a Deep Elf Hunter on Feb 4, 2024.
             Slain by Terence
             ... wielding a +0 flail
              (10 damage)
             ... on level 2 of the Dungeon.
             The game lasted 00:00:02 (714 turns).

qw the Shooter (Deep Elf Hunter)                     Turns: 714, Time: 00:00:02

Health: -3/20      AC:  3    Str: 10    XL:     3   Next: 7%
Magic:  5/5        EV: 12    Int: 13    God:
Gold:   79         SH:  0    Dex: 18    Spells: 2/2 levels left

rFire   . . .        a - +0 shortbow
rCold   . . .        (shield currently unavailable)
rNeg    . . .        c - +0 leather armour
rPois   .            (no helmet)
rElec   .            (no cloak)
rCorr   .            (no gloves)
SInv    .            (no boots)
Will    .....        (no amulet)
Stlth   ++           (no ring)
HPRegen 0.23/turn    (no ring)
MPRegen 0.09/turn

%: no passive effects
@: no status effects
A: no striking features
a: no special abilities


You were on level 2 of the Dungeon.
You visited 1 branch of the dungeon, and saw 2 of its levels.

You collected 79 gold pieces.


   Skills:
 - Level 1.5 Fighting
 + Level 6.7 Ranged Weapons
 - Level 2.4 Dodging
 - Level 1.2 Stealth


You had 2 spell levels left.
You didn't know any spells.
Your spell library was empty.

Inventory:

Hand Weapons
 a - a +0 shortbow (weapon)
Armour
 c - a +0 leather armour (worn)
Scrolls
 b - a scroll of acquirement {unknown}
Potions
 d - 2 potions of heal wounds

Dungeon Overview and Level Annotations

Branches:
Dungeon (2/15)

Altars:

Annotations:
D:2 Terence


Message History

There is an open door here.
A goblin comes into view. It is wielding a +0 club.
Enter note:
Enter note: You shoot an arrow.
The arrow hits the goblin!
You kill the goblin!
As you open the door, it creaks loudly!
You hear an angry hiss.
An adder comes into view.
You shoot an arrow. The arrow misses the adder.
You shoot an arrow. The arrow hits the adder!
You kill the adder!
You have reached level 3!
Your experience leads to an increase in your attributes!
Increase (S)trength, (I)ntelligence, or (D)exterity?
You feel stronger. x2
There is an open door here.
You now have 69 gold pieces (gained 12).
You now have 79 gold pieces (gained 10).
You open the door.
Found a whip.
There is an open door here.
You see here a +0 whip.
Found a stone staircase leading down.
Terence the Incautious comes into view.
He is wielding a +0 flail.
You shoot an arrow. The arrow barely misses Terence.
Terence closely misses you.
You shoot an arrow. The arrow hits Terence.
Terence is moderately wounded.
Terence hits you with a +0 flail.
You shoot an arrow. The arrow closely misses Terence.
Terence hits you with a +0 flail!
You shoot an arrow.
The arrow hits Terence but does no damage.
Terence is moderately wounded.
Terence hits you with a +0 flail.
You shoot an arrow. The arrow closely misses Terence.
Terence hits you with a +0 flail!
Ouch! That really hurt!
You die...
Terence says, "Time to find some more victims."

.....# ..#### .. ..#
###### ... ### #....#
####... #....# .......
#####....# .......
.#.......# .......
.#.......########@......
.'.......'.)....@....>..
.#.......#.##########.##
.........+........
.........#.######.
.#...#.###.# )#...#.#
#.# .#...#+# #.# ......
#.# .#..... #..


You could see Terence.

Vanquished Creatures
  An adder (D:2)
  2 ball pythons (D:1)
  4 endoplasms (D:1)
  A giant cockroach (D:1)
  A goblin (D:2)
  4 hobgoblins
  5 kobolds
  2 frilled lizards (D:1)
  2 rats (D:1)
22 creatures vanquished.

Notes
Turn   | Place    | Note
-------+----------+-------------------------------------------
     0 | D:1      | qw the Deep Elf Hunter began the quest for the Orb.
     0 | D:1      | Reached XP level 1. HP: 12/12 MP: 3/3
     0 | D:1      | 0 ||| qw: Version: 0.3-a-160-g6735b56
     0 | D:1      | 0 ||| qw: Game counter: 4523
     0 | D:1      | 0 ||| qw: Melee chars always use a shield: true
     0 | D:1      | 0 ||| qw: God list: Okawaru
     0 | D:1      | 0 ||| qw: Allow faded altars: false
     0 | D:1      | 0 ||| qw: Do Orc after clearing Dungeon:15 true
     0 | D:1      | 0 ||| qw: Do second Lair branch before Depths: true
     0 | D:1      | 0 ||| qw: Lair rune preference: random
     0 | D:1      | 0 ||| qw: Goals: Normal
     0 | D:1      | 0 ||| PLANNING D:1-11
   210 | D:1      | Reached XP level 2. HP: 16/16 MP: 4/4
   212 | D:1      | Reached skill level 6 in Ranged Weapons
   360 | D:1      | Found a faded altar of an unknown god.
   391 | D:1      | 391 ||| READING scroll labelled BEYROH HOIRR.
   492 | D:1      | 492 ||| READING 4 scrolls labelled DIETIYNAEGEBB.
   492 | D:1      | 492 ||| IDENTIFYING fizzy coppery potion
   493 | D:1      | 493 ||| READING 3 scrolls of identify.
   493 | D:1      | 493 ||| IDENTIFYING 2 ruby potions
   494 | D:1      | 494 ||| READING 2 scrolls of identify.
   494 | D:1      | 494 ||| IDENTIFYING scroll labelled DABRIONACH
   495 | D:1      | 495 ||| READING scroll of identify.
   495 | D:1      | 495 ||| IDENTIFYING scroll labelled CAQEUMNYSCH
   496 | D:1      | 496 ||| DROPPING scroll of butterflies.
   497 | D:1      | 497 ||| DROPPING scroll of poison.
   498 | D:1      | 498 ||| DROPPING potion of invisibility.
   499 | D:1      | 499 ||| DROPPING scroll of amnesia.
   688 | D:2      | Reached XP level 3. HP: 20/20 MP: 5/5
   709 | D:2      | Noticed Terence
   714 | D:2      | Slain by Terence

Levels and vault maps discovered:
D:1:      minmay_arrival_loop, layout_rooms, ebering_ecumenical_altar_webs,
          corexii_item_surrounded_by_moat, minmay_pentomino_z2
D:2:      layout_basic, uniq_terence

Skill      XL: |  1  2 |
---------------+-------+-----
Ranged Weapons | 6 |  6.7
Fighting       | |  1.5
Dodging        | |  2.4
Stealth        | |  1.2

Action                     || total
---------------------------++-------
   Fire: Shortbow          ||    48
    Use: Scroll            ||     5
 Armour: Leather armour    ||     4
  Dodge: Dodged            ||     3

Table legend:
 A = Non-vault XP
 B = Vault XP
 C = Vault XP percentage of total XP
 D = Non-vault monster count
 E = Vault monster count
 F = Vault count percentage of total count
                 A         B        C        D         E       F
            +---------+---------+-------+---------+---------+-------
      Total |      43 |       2 |   4.4 |      20 |       2 |   9.1
            +---------+---------+-------+---------+---------+-------
        D:1 |      26 |       2 |   7.1 |      16 |       2 |  11.1
        D:2 |      17 |       0 |   0.0 |       4 |       0 |   0.0
            +---------+---------+-------+---------+---------+-------
